 Dungeon Crawl Stone Soup version 0.22.0-38-g04b72b8 (webtiles) character file.

635 Gate88 the Quickloader (level 7, -6/40 HPs)
             Began as a Kobold Hunter on Aug 31, 2018.
             Mangled by a wyvern (13 damage)
             ... on level 4 of the Dungeon.
             The game lasted 00:15:00 (5062 turns).

Gate88 the Quickloader (Kobold Hunter)              Turns: 5062, Time: 00:15:01

Health: -6/40      AC:  8    Str:  9    XL:     7   Next: 79%
Magic:  7/7        EV: 13    Int: 12    God:
Gold:   259        SH:  4    Dex: 17    Spells: 6/6 levels left

rFire    . . .     SeeInvis .   a - +1 hand crossbow
rCold    . . .     Gourm    .   (shield restricted)
rNeg     . . .     Faith    .   r - +1 ring mail
rPois    .         Spirit   .   (no helmet)
rElec    .         Reflect  +   (no cloak)
rCorr    .         Harm     .   (no gloves)
MR       .....                  (no boots)
Stlth    +.........             s - +4 amulet of reflection
HPRegen  0.13/turn              t - -3 ring of dexterity (curse)
MPRegen  0.10/turn              (no ring)

@: no status effects
A: small, talons 1, yellow scales 1, agile 1, carnivore
a: no special abilities


You were on level 4 of the Dungeon.
You were completely stuffed.

You visited 1 branch of the dungeon, and saw 5 of its levels.

You collected 259 gold pieces.

Inventory:

Hand Weapons
 a - a +1 hand crossbow (weapon)
 b - a +0 short sword
Missiles
 d - 28 bolts (quivered)
Armour
 r - a +1 ring mail (worn)
Jewellery
 s - a +4 amulet of reflection (around neck)
 t - a cursed -3 ring of dexterity (left hand)
Wands
 k - a wand of iceblast (11)
Scrolls
 e - a scroll of identify {unknown}
 h - a scroll of teleportation
 j - 4 scrolls of remove curse
 w - a scroll of enchant armour
Potions
 g - a potion of berserk rage {unknown}
 i - a potion of might {unknown}
 l - 2 potions of curing {unknown}
 m - a potion of mutation
 n - a potion of agility {unknown}
 o - a potion of magic {unknown}
 p - a potion of invisibility {unknown}
 q - 3 potions of brilliance {unknown}
 u - a potion of resistance {unknown}
Comestibles
 c - 6 chunks of flesh
 f - 7 rations


   Skills:
 - Level 2.1 Fighting
 + Level 7.1 Short Blades
 + Level 8.3 Crossbows
 - Level 2.4 Dodging
 - Level 1.3 Stealth


You had 6 spell levels left.
You didn't know any spells.
Your spell library was empty.

Dungeon Overview and Level Annotations

Branches:
Dungeon (5/15)
 Temple: D:4-7

Altars:
Cheibriados
Xom
Zin

Annotations:
D:5 Eustachio


Innate Abilities, Weirdness & Mutations

You are small and have problems with some larger weapons.
You are carnivorous and can eat meat at any time.
You have sharp toenails.
You are partially covered in yellow scales. (AC +2)
You are agile. (Dex +2)


Message History

You shoot a bolt.
The bolt hits the wyvern but does no damage.
The wyvern is severely wounded.
You block the wyvern's attack. The wyvern bites you!
* * * LOW HITPOINT WARNING * * *
You are too injured to fight recklessly!
Firing (i - inventory)
d - 30 bolts (quivered)
Press: ? - help, Shift-Dir - straight line, f/p - wyvern
Aim: a wyvern (severely wounded)
You shoot a bolt.
The bolt hits the wyvern but does no damage.
The wyvern is severely wounded.
The wyvern bites you but does no damage.
Firing (i - inventory)
d - 29 bolts (quivered)
Press: ? - help, Shift-Dir - straight line, f/p - wyvern
Aim: a wyvern (severely wounded)
You shoot a bolt. The bolt hits the wyvern.
The wyvern is severely wounded.
The wyvern bites you!
You die...

#.# ##(## ##...#
#.... #.).
#.#####.########
#...............
######l######## #@#
#.# #.# #.# ########
########.# #......#
#.....##.# #.####.#
#.....##.#########.##
#.#
#..............>.(..#
#.#
#....(#...########..#
#.#


You could see a wyvern.

Vanquished Creatures
  3 ogres (D:4)
  A centaur skeleton (D:4)
  2 orc priests (D:3)
  An orc wizard (D:3)
  A bullfrog skeleton (D:4)
  2 iguanas
  A hound skeleton (D:4)
  8 adders
  3 oozes
  2 worms (D:2)
  2 dart slugs
  2 leopard geckos
  10 orcs (D:3)
  A giant cockroach (D:1)
  7 goblins
  8 hobgoblins
  2 ball pythons
  4 bats
  4 frilled lizards
  12 kobolds
  9 rats
85 creatures vanquished.

Notes
Turn   | Place    | Note
-------+----------+-------------------------------------------
     0 | D:1      | Gate88 the Kobold Hunter began the quest for the Orb.
     0 | D:1      | Reached XP level 1. HP: 12/12 MP: 1/1
   170 | D:1      | Reached skill level 1 in Short Blades
   170 | D:1      | Reached skill level 5 in Crossbows
   397 | D:1      | Reached XP level 2. HP: 14/17 MP: 2/2
   797 | D:1      | Reached XP level 3. HP: 21/21 MP: 3/3
  1499 | D:2      | Reached XP level 4. HP: 26/26 MP: 4/4
  2330 | D:2      | Reached skill level 6 in Crossbows
  2503 | D:2      | Reached XP level 5. HP: 15/30 MP: 5/5
  2680 | D:2      | Found a glowing silver altar of Zin.
  2685 | D:2      | Found a snail-covered altar of Cheibriados.
  2737 | D:2      | Found a shimmering altar of Xom.
  3167 | D:3      | Reached XP level 6. HP: 16/35 MP: 6/6
  3189 | D:3      | Reached skill level 5 in Short Blades
  3371 | D:3      | Reached skill level 7 in Crossbows
  3717 | D:4      | Noticed an ogre
  3731 | D:4      | Killed an ogre
  3822 | D:4      | Reached XP level 7. HP: 32/40 MP: 7/7
  4137 | D:4      | Noticed Eustachio
  4195 | D:4      | Gained mutation: You are partially covered in yellow scales. (AC +2) [potion of mutation]
  4195 | D:4      | Gained mutation: You have sharp toenails. [potion of mutation]
  4195 | D:4      | Gained mutation: You are agile. (Dex +2) [potion of mutation]
  4355 | D:5      | Entered Level 5 of the Dungeon
  4808 | D:4      | Reached skill level 8 in Crossbows
  5045 | D:4      | Noticed a wyvern
  5062 | D:4      | Mangled by a wyvern

Skill      XL: |  1  2  3  4  5  6  7 |
---------------+----------------------+-----
Short Blades   | 1 2 3 4 5 7 |  7.1
Crossbows      | 5 6 7 8 |  8.3
Fighting       | |  2.1
Dodging        | |  2.4
Stealth        | |  1.3

Action                   |  1- 3 |  4- 6 |  7- 9 || total
-------------------------+-------+-------+-------++-------
Melee: Short sword       |    90 |   110 |    14 ||   214
       Kick              |       |       |     1 ||     1
 Fire: Hand crossbow     |    16 |    65 |    63 ||   144
  Use: Scroll            |     2 |       |     4 ||     6
       Potion            |       |       |     1 ||     1
 Stab: Sleeping          |     4 |     1 |     1 ||     6
  Eat: Chunk             |    10 |     7 |     4 ||    21
Armor: Leather armour    |    21 |     5 |       ||    26
       Ring mail         |       |    14 |    17 ||    31
Dodge: Dodged            |    66 |    59 |    51 ||   176
Block: Other             |       |     3 |    15 ||    18
